 Dungeon Crawl Stone Soup version 0.29.1-14-g9c671dbff4 (webtiles) character file.

Game seed: 15558680011214357353

193 leafyfresh the Ducker (level 6, 0/40 HPs)
             Began as a Djinni Ice Elementalist on Feb 17, 2023.
             Slain by an ogre
             ... wielding a +0 giant club
              (36 damage)
             ... on level 3 of the Dungeon.
             The game lasted 00:04:34 (4315 turns).

leafyfresh the Ducker (Djinni Ice Elementalist)     Turns: 4315, Time: 00:04:35

Health: 0/40       AC:  2    Str:  7    XL:     6   Next: 3%
Gold:   75         EV: 13    Int: 19    God:
                   SH:  0    Dex: 13

rFire   + + .      SeeInvis .   r - +0 sling
rCold   x . .      Faith    .   (no shield)
rNeg    . . .      Spirit   .   a - +0 robe
rPois   ∞          Reflect  .   (no helmet)
rElec   .          Harm     .   (no cloak)
rCorr   .          Rampage  .   (no gloves)
Will    .....                   (boots unavailable)
Stlth   ++........              (no amulet)
HPRegen 0.13/turn               (no ring)
MPRegen 0.00/turn               (no ring)

@: freezing walls, flying
A: sickness immunity, fire resistance 2, cold vulnerability 1, float, innate
caster, HP casting, extra vitality 1
a: no special abilities


You were on level 3 of the Dungeon.
You visited 1 branch of the dungeon, and saw 3 of its levels.

You collected 75 gold pieces.

Inventory:

Hand Weapons
 i - a +0 dagger
 p - a +0 short sword of venom
 r - a +0 sling (weapon)
 v - a +1 dagger of flaming
Armour
 a - a +0 robe (worn)
Jewellery
 s - a ring of protection from fire
Wands
 q - a wand of polymorph (8)
Scrolls
 b - 3 scrolls of noise {unknown}
 c - 3 scrolls of teleportation {unknown}
 d - a scroll of enchant weapon {unknown}
 f - a scroll of poison {unknown}
 h - 3 scrolls of immolation {unknown}
 j - 2 scrolls of identify {unknown}
 k - 2 scrolls of vulnerability {unknown}
 m - a scroll of butterflies {unknown}
 t - a scroll of magic mapping {unknown}
Potions
 e - a potion of invisibility {unknown}
 g - a potion of ambrosia {unknown}
 l - 3 potions of curing {unknown}
 n - a potion of heal wounds {unknown}
 o - 2 potions of haste {unknown}
 u - a potion of lignification {unknown}


   Skills:
 + Level 4.7 Dodging
 - Level 1.5 Stealth
 + Level 4.4 Spellcasting


You couldn't memorise any spells.
You knew the following spells:

 Your Spells              Type           Power      Damage    Failure   Level
a - Freeze                Ice            80%        1d9       2%          1
b - Frozen Ramparts       Ice            40%        1d7       6%          3
c - Ozocubu's Armour      Ice            20%        N/A       6%          3
d - Hailstorm             Conj/Ice       20%        3d6       22%         4
e - Necrotise             Necr           80%        1d8       2%          1
f - Static Discharge      Conj/Air       20%        3-6/arc   3%          2
Your spell library was empty.

Dungeon Overview and Level Annotations

Branches:
Dungeon (3/15)

Altars:
Makhleb


Innate Abilities, Weirdness & Mutations

You are immune to sickness and miasma.
You are immune to poison.
Your flesh is very heat resistant. (rF++)
You are vulnerable to cold. (rC-)
You float through the air rather than walking.
You learn spells naturally, not from books.
Your magical power is your life essence.
You have superior vitality. (+4 MHP)


Message History

You shoot a sling bullet. The sling bullet hits the ogre.
The ogre is lightly wounded.
An ogre is nearby!
You shoot a sling bullet. The sling bullet hits the ogre.
The ogre is moderately wounded.
An ogre is nearby!
You shoot a sling bullet. The sling bullet hits the ogre.
The ogre is moderately wounded.
The ogre barely misses you.
An ogre is nearby!
Casting: Frozen Ramparts (dangerous; 6% risk of failure)
Confirm with . or Enter, or press ? or * to list all spells.
Casting: Frozen Ramparts (dangerous; 6% risk of failure)
Press: ? - help, Dir - look around, f - activate The walls around you are covered in ice.
Unknown command.
Casting: Frozen Ramparts (dangerous; 6% risk of failure)
Confirm with . or Enter, or press ? or * to list all spells.
Aiming: Freeze (safe; 2% risk of failure)
Press: ? - help, Shift-Dir - straight line, f - ogre
Aim: an ogre, wielding a +0 giant club (moderately wounded)
You freeze the ogre!
The ogre is heavily wounded.
The wall freezes the ogre.
The ogre barely misses you.
Unknown command.
Casting: Freeze (safe; 2% risk of failure)
Confirm with . or Enter, or press ? or * to list all spells.
Okay, then.
Casting: Freeze (safe; 2% risk of failure)
Confirm with . or Enter, or press ? or * to list all spells.
Okay, then.
Casting: Freeze (safe; 2% risk of failure)
Confirm with . or Enter, or press ? or * to list all spells.
Aiming: Necrotise (safe; 2% risk of failure)
Press: ? - help, Shift-Dir - straight line, f/p - ogre
Aim: an ogre, wielding a +0 giant club (severely wounded, chance to affect: 78%)
The ogre writhes in agony.
The wall freezes the ogre.
The ogre hits you with a +0 giant club!!!
Ouch! That really hurt!
You die...

#.##....+.>.......
#.##....#.........
#..'....'.......##
#.##....##.......#
#########........#
#........#
#########..#######
#.O.....#)..# #@#
#...## #.# ##...#
#.# #...# #.#
#...## #.#
##...### #.#
#..(..## #.#
##...... #.#######
###.... #.......#
###..


You could see an ogre.

Vanquished Creatures
  Jessica (D:3)
  Natasha (D:2)
  Robin (D:3)
  5 adders
  A dart slug (D:1)
  3 orcs (D:3)
  7 ball pythons
  7 endoplasms
  2 giant cockroaches
  12 goblins
  11 hobgoblins
  4 jackals (D:1)
  3 quokkas
  3 bats
  2 frilled lizards
  6 kobolds
  6 rats
75 creatures vanquished.

Vanquished Creatures (collateral kills)
  A goblin (D:2)
1 creature vanquished.

Vanquished Creatures (others)
  4 fungi (D:2)
  10 plants (D:2)
14 creatures vanquished.

Grand Total: 90 creatures vanquished

Notes
Turn   | Place    | Note
-------+----------+-------------------------------------------
     0 | D:1      | leafyfresh the Djinni Ice Elementalist began the quest for
                  | the Orb.
     0 | D:1      | leafyfresh set off with the following spells memorised:
                  | Freeze, Frozen Ramparts, Ozocubu's Armour, Hailstorm.
     0 | D:1      | Reached XP level 1. HP: 15/15 MP: 0/0
   314 | D:1      | Reached XP level 2. HP: 20/21 MP: 0/0
   976 | D:1      | Reached XP level 3. HP: 20/25 MP: 0/0
   976 | D:1      | Learned a level 1 spell: Necrotise
  1577 | D:2      | Reached XP level 4. HP: 22/31 MP: 0/0
  2039 | D:2      | Found a faded altar of an unknown god.
  2196 | D:2      | Noticed Natasha
  2203 | D:2      | Killed Natasha
  2204 | D:2      | Reached XP level 5. HP: 12/35 MP: 0/0
  2204 | D:2      | Learned a level 2 spell: Static Discharge
  2982 | D:3      | Noticed Robin
  3031 | D:3      | Killed Robin
  3452 | D:3      | Noticed Jessica
  3456 | D:3      | Killed Jessica
  3963 | D:3      | Reached XP level 6. HP: 40/40 MP: 0/0
  4047 | D:3      | Found a burning altar of Makhleb.
  4309 | D:3      | Noticed an ogre
  4315 | D:3      | Slain by an ogre

Illustrated notes

Levels and vault maps discovered:
D:1:      lightli_arrival_statuegarden, layout_loops_ring
D:2:      layout_loops_ring, shapermc_ecumenical_altar_mp_ritualfount,
          kennysheep_generic_room_2, uniq_natasha
D:3:      layout_basic, lemuel_coloured_pillars_altar, serial_curves,
          eino_curves_03, eino_curves_04, kennysheep_jessica_study, uniq_robin

Skill      XL: |  1  2  3  4 |
---------------+-------------+-----
Dodging        | 3 4 |  4.7
Spellcasting   | 4 |  4.4
Stealth        | |  1.5

Action                   |  1- 3 |  4- 6 || total
-------------------------+-------+-------++-------
Melee: Unarmed           |     8 |     1 ||     9
       Dagger            |     6 |    31 ||    37
       Punch             |       |     1 ||     1
       Short sword       |       |     3 ||     3
 Fire: Sling             |       |    66 ||    66
 Cast: Freeze            |    29 |     1 ||    30
       Necrotise         |     6 |    11 ||    17
       Frozen Ramparts   |     2 |    13 ||    15
       Ozocubu's Armour  |       |     1 ||     1
 Stab: Sleeping          |     2 |     2 ||     4
Armor: Robe              |     4 |    14 ||    18
       Skin              |       |     3 ||     3
Dodge: Dodged            |    20 |    64 ||    84
